 Dungeon Crawl Stone Soup version 0.29.1-15-g9cfb28693d (webtiles) character file.

Game seed: 17049901746298195346

256010 Panino the Slayer (level 19, -2/191 HPs)
             Began as a Minotaur Berserker on Mar 30, 2023.
             Was a High Priest of Trog.
             Slain by a rockslime (28 damage)
             ... created by the Royal Jelly
             ... on level 4 of the Pits of Slime on Apr 1, 2023.
             The game lasted 03:41:35 (43868 turns).

Panino the Slayer (Minotaur Berserker)             Turns: 43868, Time: 03:41:36

Health: -2/191     AC: 40    Str: 29      XL:     19   Next: 6%
Magic:  23/30      EV: 10    Int:  1 (2)  God:    Trog [*****.]
Gold:   2783       SH: 27    Dex: 16      Spells: 18/18 levels left

rFire   + . .      SeeInvis .   E - +6 flail of Xabrunaemu {vamp, rPois Will+ rCorr Dex+3}
rCold   + + +      Faith    .   a - +5 tower shield
rNeg    . . .      Spirit   .   W - +9 scales of the Dragon King {rPois rF+ rC+ Will+}
rPois   +          Reflect  .   (helmet unavailable)
rElec   .          Harm     .   y - +0 cloak {Stlth+}
rCorr   +          Rampage  .   b - +2 pair of gloves {infuse}
Will    +++++                   j - +1 pair of boots {Fly}
Stlth   ..........              A - amulet of the acrobat
HPRegen 1.41/turn               c - ring "Usarun" {rC++ Will+ MP+9 Dex+6}
MPRegen 0.22/turn               C - ring of resist corrosion

@: strong-willed, flying, regenerating, studying Short Blades
A: horns 3, retaliatory headbutt, clumsy 2, deterioration 1, dopey 1
}: 2/15 runes: decaying, gossamer
a: Renounce Religion, Berserk, Trog's Hand, Brothers in Arms


You were on level 4 of the Pits of Slime.
You worshipped Trog.
Trog was extremely pleased with you.
You visited 7 branches of the dungeon, and saw 36 of its levels.
You visited 1 bazaar.
You also visited: Bailey and Ice Cave.

You collected 5298 gold pieces.
You spent 2515 gold pieces at shops.

Inventory:

Hand Weapons
 m - a +4 vorpal demon blade
 u - the +5 morningstar of Inference {vamp, rC++}
   (You found it on level 13 of the Dungeon)

   It occasionally heals its wielder for a portion of the damage dealt when it
   wounds a living foe.
   rC:        It greatly protects you from cold.
 E - the +6 flail of Xabrunaemu (weapon) {vamp, rPois Will+ rCorr Dex+3}
   (You found it on level 2 of the Dungeon)

   It occasionally heals its wielder for a portion of the damage dealt when it
   wounds a living foe.
   Dex:       It affects your dexterity (+3).
   rPois:     It protects you from poison.
   rCorr:     It protects you from acid and corrosion.
   Will:      It increases your willpower.
 M - a +1 antimagic demon whip
 R - a +1 great mace of flaming
Missiles
 e - 4 curare-tipped darts (quivered)
 I - 6 atropa-tipped darts
Armour
 a - a +5 tower shield (worn)
 b - a +2 pair of gloves of infusion (worn)
 j - a +1 pair of boots of flying (worn)
 v - the +2 hat of Afur {rF+}
   (You found it on level 4 of the Spider Nest)

   rF:        It protects you from fire.
 y - a +0 cloak of stealth (worn)
 F - a scarf of invisibility
 O - a +1 kite shield of cold resistance
 W - the +9 scales of the Dragon King (worn) {rPois rF+ rC+ Will+}
   (You bought it in a shop on level 2 of the Dungeon)

   rF:        It protects you from fire.
   rC:        It protects you from cold.
   rPois:     It protects you from poison.
   Will:      It increases your willpower.
Jewellery
 c - the ring "Usarun" (left hand) {rC++ Will+ MP+9 Dex+6}
   (You found it on level 4 of the Swamp)

   [ring of willpower]

   Dex:       It affects your dexterity (+6).
   rC:        It greatly protects you from cold.
   MP:        It affects your magic capacity (+9).
   Will:      It increases your willpower.
 f - the ring "Gatt" {Fly rElec Will+ Int-5 SInv}
   (You acquired it on level 4 of the Swamp)

   [ring of flight]

   Int:       It affects your intelligence (-5).
   rElec:     It insulates you from electricity.
   SInv:      It lets you see invisible.
   Fly:       It grants you flight.
   Will:      It increases your willpower.
 r - a +4 ring of protection
 A - an amulet of the acrobat (around neck)
 C - a ring of resist corrosion (right hand)
 L - a +4 ring of slaying
 S - a ring of see invisible
Wands
 D - a wand of digging (20)
 G - a wand of roots (46)
 J - a wand of quicksilver (19)
 N - a wand of charming (13)
 V - a wand of mindburst (5)
Scrolls
 g - 4 scrolls of fear
 i - 4 scrolls of identify
 k - 8 scrolls of silence
 o - a scroll of magic mapping
 t - 9 scrolls of teleportation
 w - 5 scrolls of torment
 x - 6 scrolls of butterflies
 z - 2 scrolls of poison
 B - 2 scrolls of blinking
 H - 2 scrolls of brand weapon
 K - 5 scrolls of immolation
 Q - 2 scrolls of summoning
 T - 3 scrolls of enchant weapon
Potions
 d - 12 potions of might
 h - 8 potions of haste
 l - 13 potions of heal wounds
 n - a potion of resistance
 q - 10 potions of curing
 s - 2 potions of invisibility
 U - 5 potions of berserk rage
 Y - 5 potions of ambrosia
 Z - 10 potions of flight
Miscellaneous
 p - a lightning rod (4/4)
 X - a phantom mirror


   Skills:
 - Level 22.1 Fighting
 - Level 6.2 Long Blades
 + Level 19.8 Maces & Flails
 - Level 20.0 Armour
 + Level 10.0 Dodging
 - Level 20.0 Shields
 - Level 5.0 Invocations
 - Level 5.0 Evocations


You had 18 spell levels left.
You didn't know any spells.
Your spell library was empty.

Dungeon Overview and Level Annotations

Branches:
Dungeon (15/15)            Temple (1/1) D:4            Lair (5/5) D:9
  Swamp (4/4) Lair:3       Spider (4/4) Lair:2        Slime (5/5) Lair:5
    Orc (2/2) D:11            Elf (0/3) Orc:2        Vaults (0/5) D:13
 Depths (0/4) D:15         Bailey (visited)           IceCv (visited)

Altars:
Ashenzari
Cheibriados
Dithmenos
Elyvilon
Fedhas
Gozag
Hepliaklqana
Kikubaaqudgha
Makhleb
Nemelex Xobeh
Okawaru
Qazlal
Ru
Sif Muna
Trog
Uskayaw
Vehumet
Wu Jian
Xom
Yredelemnul
Zin
The Shining One
Jiyva

Shops:
D:2 [   D:6 *   D:7 (*   D:13 *   Orc:2 [?*[?*(

Portals:
Abyss: D:12

Annotations:
D:6 exclusion: electric eel
D:12 2 transporters, enotiy's ghost, journeyman GrFi
Spider:3 2 transporters, Arachne; Zainwevo's ghost, adept MeDe; bananaglory's ghost, adept GrEE
Slime:5 Royal Jelly


Innate Abilities, Weirdness & Mutations

You have a pair of large horns on your head.
You reflexively headbutt those who attack you in melee.
You are very clumsy. (Dex -4)
Your body sometimes deteriorates upon taking damage.
You are dopey. (Int -2)


Message History

You are splashed with acid!
* * * LOW HITPOINT WARNING * * *
You block the azure jelly's attack. The azure jelly misses you.
The azure jelly barely misses you. You block the azure jelly's attack.
The rockslime attacks as you move away!
The rockslime hits you but does no damage.
You are splashed with acid.
* * * LOW HITPOINT WARNING * * *
You hit the rockslime but do no damage.
The rockslime is lightly wounded.
You are splashed with acid.
* * * LOW HITPOINT WARNING * * *
The rockslime hits you.
* * * LOW HITPOINT WARNING * * *
You are shoved backwards!
Unknown command.
You feel much better. You block the rockslime's attack.
Unknown command.
Your troll goes berserk!
The rockslime hits you!!
* * * LOW HITPOINT WARNING * * *
You are shoved backwards!
You are splashed with acid!
* * * LOW HITPOINT WARNING * * *
You block the rockslime's attack. The acid blob spits acid at you.
The splash of acid hits you. You resist.
* * * LOW HITPOINT WARNING * * *
The walls burn your troll!
Your troll bites the acid blob!!
Your troll is burned by acid!
Your troll claws the acid blob.
Your troll is burned by acid!
Your troll claws the acid blob.
Your troll is burned by acid!
You block the quicksilver ooze's attack. x2
Unknown command.
You feel much better.
You are splashed with acid!
* * * LOW HITPOINT WARNING * * *
The rockslime hits you!!
You die...

.............#.......##
.................##.#.##
.....>.....>...........#
#......................#
.#....#.....<......^..##
.................#....#
............##...##...#
.............#....#...#
......#......#JJ@##...#
.#.......##..J.J.###..#
.........###.#.JT.##...
.#.#.....# #####.####.#.
#####...## ...# ..##
#...## #.## .# #.^.# ###
## ##.## #.#


You could see an acid blob (distracted, ally target), an azure jelly, a
rockslime, 2 quicksilver oozes and a friendly troll (summoned, berserk).

Vanquished Creatures
  Rupert (D:12)
  6 acid blobs
  A sphinx (D:13)
  2 thorn hunters (Swamp:1)
  Gastronok (Lair:2)
  A storm dragon (D:13)
  3 azure jellies
  2 frost giants (IceCv)
  4 ghost moths
  2 rockslimes
  A fire giant (D:15)
  Aizul (Swamp:1)
  6 emperor scorpions
  The ghost of Rireef the Cruncher, a journeyman FoGl of Yredelemnul (D:14)
  7 quicksilver oozes
  A stone giant (D:13)
  5 eleionomae
  Nessos (D:12)
  4 broodmothers
  4 entropy weavers
  A white draconian (IceCv)
  3 bunyips
  Snorg (Lair:4)
  A great orb of eyes (D:13)
  Josephine (Lair:4)
  A fire dragon (Lair:5)
  Fannar (D:11)
  15 hydras
  9 boulder beetles
  3 ice dragons (Swamp:4)
  A catoblepas (D:14)
  A jorogumo (Spider:2)
  7 centaur warriors
  A radroach (Spider:3)
  7 ironbound frosthearts (IceCv)
  3 ogre magi
  13 two-headed ogres
  2 dancing weapons (D:13)
  A death knight (D:13)
  An anaconda (Swamp:2)
  6 alligators
  5 death yaks (Lair:5)
  2 deep troll earth magi (D:13)
  An orc high priest (Orc:2)
  A tengu warrior (D:14)
  A spriggan berserker (Swamp:4)
  Amaemon (Lair:2)
  A fire crab (Lair:3)
  5 pharaoh ants
  Lodul (D:10)
  2 goliath frogs (Swamp:2)
  An orange crystal statue (IceCv)
  7 steelbarb worms
  A wizard (D:14)
  7 orb spiders
  A spriggan druid (Swamp:1)
  3 swamp dragons
  2 phantasmal warriors (D:13)
  A bog body (Swamp:1)
  Pikel (D:8)
  3 orc knights
  5 oklob plants (Lair:5)
  18 ugly things
  4 will-o-the-wisps
  2 orc sorcerers (Orc:2)
  23 wolf spiders
  6 shining eyes
  4 manticores
  6 cyclopes
  6 moths of wrath
  9 black mambas
  22 elephants (Lair:5)
  A guardian serpent (D:14)
  Joseph (D:10)
  Maggie (Lair:2)
  Psyche (D:8)
  8 demonic crawlers
  21 rime drakes
  6 cane toads
  A gargoyle (D:8)
  7 komodo dragons
  An orange demon (Lair:2)
  4 torpor snails
  7 freezing wraiths
  29 polar bears
  11 tyrant leeches
  7 trolls
  60 slime creatures
  7 meliai
  11 hornets
  32 tarantellas
  2 raiju (Lair:5)
  13 blink frogs
  16 dream sheep
  A centaur simulacrum (D:13)
  26 jumping spiders
  2 shadows (D:12)
  29 culicivoras
  10 spriggans
  5 wraiths
  3 wyverns
  5 basilisks
  66 yaks
  A human (D:10)
  6 golden eyes
  68 redbacks
  14 vampire mosquitoes
  4 swamp worm simulacra (Swamp:4)
  5 steam dragons
  13 wargs
  15 hell hounds (Lair:5)
  2 acid dragons
  15 hydra simulacra (Swamp:4)
  12 swamp worms
  16 water moccasins
  37 orc warriors
  5 swamp drakes
  13 black bears
  Pargi (D:3)
  A sky beast (shapeshifter) (D:13)
  An ice beast (D:3)
  2 sky beasts
  15 ogres
  26 centaurs
  16 wolves
  4 lemures (D:8)
  2 phantoms
  5 kobold brigands
  Blork the orc (D:4)
  7 bullfrogs
  2 necrophages
  4 gnoll sergeants
  A wight (D:8)
  9 killer bees
  3 jellies
  2 howler monkeys (D:12)
  6 hounds
  20 orc priests
  A gnoll bouda (D:8)
  9 iguanas
  17 orc wizards
  16 gnolls
  5 adders
  A shadow imp (D:7)
  4 swamp drake simulacra (Swamp:4)
  2 ufetubi
  A dart slug (D:1)
  99 orcs
  7 endoplasms
  3 giant cockroaches
  7 hobgoblins
  24 kobolds
  2 quokkas
  6 ball pythons
  4 bats
  6 frilled lizards
  9 goblins
  6 rats
  A briar patch (Swamp:1)
1263 creatures vanquished.

Vanquished Creatures (collateral kills)
  A rockslime (Slime:5)
  An azure jelly (Slime:5)
  A centaur warrior (Orc:2)
  7 orc warriors (Orc:2)
  5 centaurs (Orc:2)
  2 orcs (Orc:2)
17 creatures vanquished.

Vanquished Creatures (others)
  An alligator (Swamp:1)
  A rime drake (IceCv)
  3 bloated husks
  A tarantella (Spider:4)
  A yak (Lair:3)
  A centaur (Bailey)
  2 briar patches (Swamp:1)
  24 foxfires
  26 fungi
  52 plants
  5 toadstools (D:4)
117 creatures vanquished.

Grand Total: 1397 creatures vanquished

Notes
Turn   | Place    | Note
-------+----------+-------------------------------------------
     0 | D:1      | Panino the Minotaur Berserker began the quest for the Orb.
     0 | D:1      | Reached XP level 1. HP: 19/19 MP: 0/0
   198 | D:1      | Reached XP level 2. HP: 27/27 MP: 1/1
   876 | D:1      | Reached skill level 4 in Fighting
   943 | D:1      | Found a faded altar of an unknown god.
  1128 | D:2      | Reached XP level 3. HP: 31/33 MP: 2/2
  1281 | D:2      | Reached ** piety under Trog
  1370 | D:2      | Found Rawabeon's Armour Shoppe.
  1386 | D:2      | Bought a +0 pair of boots for 45 gold pieces
  1442 | D:2      | Identified the +6 flail of Xabrunaemu {vamp, rPois Will+
                  | rCorr Dex+3}
  1774 | D:2      | Reached skill level 1 in Maces & Flails
  1774 | D:2      | Reached XP level 4. HP: 41/41 MP: 3/3
  2214 | D:3      | Noticed Pargi
  2218 | D:3      | Killed Pargi
  2219 | D:3      | Reached skill level 5 in Fighting
  2219 | D:3      | Reached XP level 5. HP: 48/48 MP: 4/4
  2397 | D:3      | Noticed an ice beast
  2403 | D:3      | Killed an ice beast
  2404 | D:3      | Reached XP level 6. HP: 56/56 MP: 5/5
  3100 | D:4      | Noticed Blork the orc
  3105 | D:4      | Killed Blork the orc
  3106 | D:4      | Reached skill level 5 in Armour
  3106 | D:4      | Reached XP level 7. HP: 62/62 MP: 6/6
  3124 | D:4      | Found a staircase to the Ecumenical Temple.
  3249 | D:4      | Reached skill level 6 in Fighting
  3265 | Temple   | Entered the Ecumenical Temple
  3760 | D:4      | Found a burning altar of Makhleb.
  3815 | D:5      | Entered Level 5 of the Dungeon
  3966 | D:5      | Reached skill level 5 in Dodging
  4335 | D:6      | Found Reskour's General Store.
  4390 | D:6      | Reached skill level 1 in Shields
  4390 | D:6      | Reached XP level 8. HP: 71/71 MP: 7/7
  4415 | D:6      | Reached skill level 5 in Maces & Flails
  4415 | D:6      | Reached *** piety under Trog
  5609 | D:7      | Found Namo's Needful Niceties.
  5701 | D:7      | Reached skill level 7 in Fighting
  5924 | D:7      | Reached XP level 9. HP: 80/80 MP: 8/8
  6076 | D:7      | Found a flagged portal.
  6090 | Bailey   | Entered a bailey
  6374 | Bailey   | Reached skill level 8 in Fighting
  6708 | Bailey   | Reached **** piety under Trog
  6713 | Bailey   | Reached skill level 5 in Shields
  7419 | Bailey   | Reached XP level 10. HP: 90/90 MP: 9/9
  7812 | D:7      | Found Alaeryh's Antique Weapon Shoppe.
  8027 | D:8      | Reached skill level 9 in Fighting
  8261 | D:8      | Found a radiant altar of Vehumet.
  8323 | D:8      | Noticed a centaur warrior
  8338 | D:8      | Killed a centaur warrior
  8339 | D:8      | Reached skill level 5 in Long Blades
  8374 | D:8      | Noticed a gargoyle
  8374 | D:8      | Noticed a boulder beetle
  8375 | D:8      | Noticed a manticore
  8394 | D:8      | Killed a gargoyle
  8395 | D:8      | Reached skill level 10 in Shields
  8397 | D:8      | Killed a boulder beetle
  8401 | D:8      | Killed a manticore
  8402 | D:8      | Reached skill level 10 in Fighting
  8513 | D:8      | Noticed a cyclops
  8517 | D:8      | Killed a cyclops
  8518 | D:8      | Reached XP level 11. HP: 99/99 MP: 10/10
  8860 | D:8      | Noticed Pikel
  8888 | D:8      | Killed Pikel
  8889 | D:8      | Reached skill level 10 in Armour
  8889 | D:8      | Reached skill level 1 in Invocations
  9158 | D:8      | Noticed Psyche
  9163 | D:8      | Killed Psyche
  9428 | D:9      | Reached ***** piety under Trog
  9515 | D:9      | Found a staircase to the Lair.
  9917 | D:10     | Entered Level 10 of the Dungeon
  9925 | D:10     | Noticed a two-headed ogre
  9932 | D:10     | Killed a two-headed ogre
  9933 | D:10     | Reached skill level 15 in Shields
  9947 | D:10     | Reached skill level 5 in Invocations
 10097 | D:10     | Noticed Joseph
 10109 | D:10     | Killed Joseph
 10448 | D:11     | Noticed Fannar
 10604 | D:11     | Noticed a two-headed ogre
 10809 | D:11     | Noticed a boulder beetle
 10837 | D:10     | Killed a boulder beetle
 11050 | D:11     | Reached XP level 12. HP: 84/106 MP: 14/14
 11199 | D:11     | Noticed Lodul
 11217 | D:10     | Killed Lodul
 11386 | D:10     | Killed a two-headed ogre
 11617 | D:11     | Killed Fannar
 11617 | D:11     | Received a gift from Trog
 11731 | D:11     | Found a staircase to the Orcish Mines.
 11792 | D:11     | Identified the +5 dagger of the Modern Servitors {protect,
                  | rPois Int+3 Dex-4 SInv}
 11946 | D:11     | Identified a scroll of acquirement
 11995 | D:11     | Paralysed by a hornet for 1 turns
 12146 | D:12     | Noticed Rupert
 12157 | D:12     | Killed Rupert
 12281 | D:12     | Noticed a hell hog
 12295 | D:12     | Reached skill level 15 in Armour
 12305 | D:12     | Found a transporter.
 12339 | D:12     | Noticed Nessos
 12344 | D:12     | Noticed a boulder beetle
 12375 | D:12     | Killed a boulder beetle
 12762 | D:12     | Killed Nessos
 12970 | D:12     | Found a transporter.
 12999 | D:12     | Noticed enotiy's ghost (journeyman GrFi)
 13117 | D:12     | Found a one-way gate to the infinite horrors of the Abyss.
 13391 | D:2      | Bought the +9 scales of the Dragon King {rPois rF+ rC+
                  | Will+} for 1248 gold pieces
 13391 | D:2      | Found the +9 scales of the Dragon King {rPois rF+ rC+
                  | Will+}
 13532 | Lair:1   | Entered Level 1 of the Lair of Beasts
 13550 | Lair:1   | Identified the +8 mace of Nedociff {venom, rN+ rCorr
                  | Stlth+}
 13696 | Lair:1   | Noticed a five-headed hydra
 13729 | Lair:1   | Killed a five-headed hydra
 13808 | Lair:1   | Reached XP level 13. HP: 113/113 MP: 15/15
 14331 | Lair:2   | Noticed Maggie
 14345 | Lair:2   | Killed Maggie
 14351 | Lair:2   | Received a gift from Trog
 14579 | Lair:2   | Noticed Amaemon
 14590 | Lair:2   | Killed Amaemon
 14720 | Lair:2   | Found a hole to the Spider Nest.
 14826 | Lair:2   | Noticed Gastronok
 14834 | Lair:2   | Killed Gastronok
 14890 | Lair:2   | Identified the +6 trident of the Known World {elec, rF+
                  | Str+5}
 14945 | Lair:2   | Reached skill level 11 in Fighting
 15901 | Lair:3   | Received a gift from Trog
 16448 | Lair:3   | Reached skill level 10 in Maces & Flails
 16537 | Lair:3   | Found a staircase to the Swamp.
 17145 | Lair:4   | Reached skill level 12 in Fighting
 17216 | Lair:4   | Noticed Snorg
 17229 | Lair:4   | Killed Snorg
 17234 | Lair:4   | Reached XP level 14. HP: 123/126 MP: 16/16
 17428 | Lair:4   | Noticed Josephine
 17436 | Lair:4   | Killed Josephine
 17610 | Lair:4   | Identified the +2 leather armour of Juxum {rElec Int+4}
 18068 | Lair:5   | Entered Level 5 of the Lair of Beasts
 18213 | Lair:5   | Reached skill level 13 in Fighting
 18531 | Lair:5   | Received a gift from Trog
 18900 | Lair:5   | Reached skill level 14 in Fighting
 19372 | Lair:5   | Received a gift from Trog
 19490 | Lair:5   | Reached skill level 15 in Fighting
 19503 | Lair:5   | Reached XP level 15. HP: 124/141 MP: 17/17
 19960 | Lair:5   | Found a viscous altar of Jiyva.
 19967 | Lair:5   | Found a staircase to the Slime Pits.
 20562 | Orc:1    | Entered Level 1 of the Orcish Mines
 21041 | Orc:2    | Entered Level 2 of the Orcish Mines
 21087 | Orc:2    | Reached skill level 16 in Fighting
 21111 | Orc:2    | Reached skill level 1 in Evocations
 21263 | Orc:2    | Received a gift from Trog
 21275 | Orc:2    | Found Kygre's Magic Scroll Shop.
 21275 | Orc:2    | Found Texineb's Armour Emporium.
 21277 | Orc:2    | Found Cucwes's General Store.
 21279 | Orc:2    | Found Xariklep's Assorted Antiques.
 21295 | Orc:2    | Bought a pair of embroidered gloves for 195 gold pieces
 21305 | Orc:2    | Bought a potion of might for 56 gold pieces
 21305 | Orc:2    | Bought a scroll of identify for 28 gold pieces
 21308 | Orc:2    | Bought a scroll of blinking for 105 gold pieces
 21308 | Orc:2    | Bought a scroll of identify for 28 gold pieces
 21308 | Orc:2    | Bought a scroll of teleportation for 42 gold pieces
 21308 | Orc:2    | Bought a scroll of blinking for 105 gold pieces
 21308 | Orc:2    | Bought a scroll of identify for 28 gold pieces
 21420 | Orc:2    | Found Byischer's Antique Weapon Emporium.
 21616 | Orc:2    | Found a flickering gateway to a bazaar.
 21626 | Bazaar   | Entered a bazaar
 21626 | Bazaar   | Found Uxiatat's Assorted Antiques.
 21626 | Bazaar   | Found Ysaodoxa's Distillery.
 21638 | Bazaar   | Found Omuguug's Distillery.
 21650 | Bazaar   | Found Ipaenwifey's Antique Weapon Shop.
 21658 | Bazaar   | Found Lurchyxee's Distillery.
 21732 | Bazaar   | Bought a potion of curing for 36 gold pieces
 21732 | Bazaar   | Bought a potion of berserk rage for 60 gold pieces
 21751 | Bazaar   | Bought a potion of might for 44 gold pieces
 21751 | Bazaar   | Bought a potion of might for 44 gold pieces
 21758 | Bazaar   | Bought a potion of curing for 39 gold pieces
 21758 | Bazaar   | Bought a potion of might for 52 gold pieces
 21758 | Bazaar   | Bought a potion of might for 52 gold pieces
 21769 | Bazaar   | Bought a pair of embroidered gloves for 142 gold pieces
 21785 | Bazaar   | Bought a potion of haste for 110 gold pieces
 21983 | Orc:2    | Found Qagumihu's Magic Scroll Emporium.
 21997 | Orc:2    | Bought a scroll of fear for 56 gold pieces
 22036 | Orc:2    | Found Menuime's Armour Shop.
 22040 | Orc:2    | Found a staircase to the Elven Halls.
 22313 | Orc:2    | Found an iron altar of Okawaru.
 22840 | D:13     | Found Zin's Purification Station.
 22840 | D:13     | Found a glowing silver altar of Zin.
 23347 | D:13     | Reached skill level 17 in Fighting
 23383 | D:13     | Reached skill level 5 in Evocations
 23448 | D:13     | Identified the +5 morningstar of Inference {vamp, rC++}
 23449 | D:13     | Identified the +6 scale mail "Qutessed" {-Tele rC+ Str+6
                  | Dex+3}
 23492 | D:13     | Noticed a sphinx
 23493 | D:13     | Noticed a storm dragon
 23505 | D:13     | Killed a sphinx
 23516 | D:13     | Killed a storm dragon
 23782 | D:13     | Found a gate to the Vaults.
 23924 | D:13     | Reached skill level 18 in Fighting
 24348 | D:14     | Found a frozen archway.
 24357 | IceCv    | Entered an ice cave
 24500 | IceCv    | Reached ****** piety under Trog
 24517 | IceCv    | Reached XP level 16. HP: 102/159 MP: 18/18
 24759 | IceCv    | Reached skill level 19 in Fighting
 25467 | IceCv    | Received a gift from Trog
 25846 | IceCv    | Identified the +2 ring mail of the Immovable Suns {Rampage
                  | Dex+4}
 25852 | IceCv    | Identified the +2 chain mail of Yveimuap {Will- Str+2 Int+4
                  | Stlth+}
 26625 | D:14     | Found a runed translucent door.
 26626 | D:14     | Noticed Rireef's ghost (journeyman FoGl)
 26697 | D:14     | Killed Rireef's ghost
 26722 | D:15     | Entered Level 15 of the Dungeon
 26742 | D:15     | Found a shimmering altar of Xom.
 26742 | D:15     | Found a shimmering altar of Xom.
 26743 | D:15     | Found a shimmering altar of Xom.
 26766 | D:15     | Found a staircase to the Depths.
 26974 | D:15     | Reached skill level 15 in Maces & Flails
 27114 | D:15     | Reached skill level 10 in Dodging
 27835 | Swamp:1  | Entered Level 1 of the Swamp
 27881 | Swamp:1  | Reached skill level 20 in Fighting
 28044 | Swamp:1  | Noticed a thorn hunter
 28054 | Swamp:1  | Noticed Aizul
 28068 | Swamp:1  | Killed Aizul
 28077 | Swamp:1  | Killed a thorn hunter
 28499 | Swamp:1  | You are sucked into a shaft and drop 1 floor!
 28599 | Swamp:1  | Noticed a thorn hunter
 28978 | Swamp:1  | Killed a thorn hunter
 29584 | Swamp:2  | Reached XP level 17. HP: 103/172 MP: 19/19
 29867 | Swamp:2  | Reached skill level 21 in Fighting
 30198 | Swamp:3  | Identified the +6 flail of Fisum {flame, rF+} (Trog gifted
                  | it to you on level 3 of the Swamp)
 30198 | Swamp:3  | Received a gift from Trog
 30701 | Swamp:4  | Entered Level 4 of the Swamp
 30895 | Swamp:4  | Identified the ring "Usarun" {rC++ Will+ MP+9 Dex+6}
 30897 | Swamp:4  | Acquired 984 gold pieces
 30898 | Swamp:4  | Acquired the ring "Gatt" {Fly rElec Will+ Int-5 SInv}
 30904 | Swamp:4  | Lost intelligence.
 31154 | Swamp:4  | Reached skill level 22 in Fighting
 31342 | Swamp:4  | Identified the +11 scimitar of Peril {vamp, rElec rPois
                  | Str-5 Dex+8}
 31999 | Swamp:4  | Got a decaying rune of Zot
 32169 | Spider:1 | Entered Level 1 of the Spider Nest
 32309 | Spider:1 | You are sucked into a shaft and drop 1 floor!
 32374 | Spider:2 | Received a gift from Trog
 34301 | Spider:3 | Received a gift from Trog
 34601 | Spider:3 | Gained mutation: You are clumsy. (Dex -2) [mutagenic glow]
 34642 | Spider:3 | Noticed bananaglory's ghost (adept GrEE)
 34642 | Spider:3 | Noticed Arachne
 34651 | Spider:3 | Noticed Zainwevo's ghost (adept MeDe)
 34785 | Spider:3 | Found a transporter.
 34937 | Spider:3 | Found a transporter.
 35138 | Spider:4 | Entered Level 4 of the Spider Nest
 35181 | Spider:4 | Reached XP level 18. HP: 184/184 MP: 20/20
 36315 | Spider:4 | Received a gift from Trog
 36913 | Spider:4 | Identified the +2 hat of Afur {rF+}
 36928 | Spider:4 | Got a gossamer rune of Zot
 37256 | Spider:1 | Identified the +0 great mace "Kooneosh" {freeze, Str+7}
 38632 | Slime:1  | Entered Level 1 of the Pits of Slime
 38846 | Slime:1  | Received a gift from Trog
 39037 | Slime:1  | Gained mutation: You have an increased reservoir of magic.
                  | (+10% MP) [a shining eye]
 39039 | Slime:1  | Lost mutation: You have an increased reservoir of magic.
                  | (+10% MP) [a shining eye]
 40338 | Slime:2  | Gained mutation: Your body sometimes deteriorates upon
                  | taking damage. [a shining eye]
 40340 | Slime:2  | Gained mutation: Your magical capacity is low. (-10% MP) [a
                  | shining eye]
 40362 | Slime:2  | Gained mutation: You sometimes lose your temper in combat.
                  | [a shining eye]
 40365 | Slime:2  | Gained mutation: You are dopey. (Int -2) [a shining eye]
 40367 | Slime:2  | Gained mutation: You have very sharp teeth. [a shining eye]
 42561 | Slime:4  | Gained mutation: You are very clumsy. (Dex -4) [a shining
                  | eye]
 42852 | Slime:5  | Entered Level 5 of the Pits of Slime
 42880 | Slime:5  | Reached XP level 19. HP: 191/191 MP: 18/19
 43122 | Slime:5  | Noticed the Royal Jelly
 43841 | Slime:4  | Lost mutation: You sometimes lose your temper in combat.
                  | [potion of mutation]
 43841 | Slime:4  | Lost mutation: You have very sharp teeth. [potion of
                  | mutation]
 43841 | Slime:4  | Lost mutation: Your body sometimes deteriorates upon taking
                  | damage. [potion of mutation]
 43841 | Slime:4  | Lost mutation: Your magical capacity is low. (-10% MP)
                  | [potion of mutation]
 43841 | Slime:4  | Gained mutation: Your body sometimes deteriorates upon
                  | taking damage. [potion of mutation]
 43841 | Slime:4  | Gained mutation: You have a pair of large horns on your
                  | head. [potion of mutation]
 43868 | Slime:4  | Slain by a rockslime

Illustrated notes

Levels and vault maps discovered:
D:1:      noname_arrival_rooms_in_the_neighbourhood, layout_loops_cross,
          dreamdust_ecumenical_altar_angels_and_demons
D:2:      layout_basic, serial_shops, nicolae_shop_hallway_plus, serial_forest,
          infiniplex_forest_corner_1, infiniplex_forest_lined_3_way,
          infiniplex_forest_zigzag_1, infiniplex_forest_straight_4,
          infiniplex_forest_clump_tiny, infiniplex_forest_end_2,
          infiniplex_forest_end_1, infiniplex_forest_3_way,
          kennysheep_decorative_pillar
D:3:      layout_loops_ring, minmay_misc_feat_encased, uniq_pargi
D:4:      layout_loops_cross, mainiacjoe_overflow_alcove_1,
          minmay_temple_entry_statues_pillars, chequers_jeans,
          minmay_gold_behind_fungi, amcnicky_mini_corridor_feature,
          corexii_leaking_fountain, kennysheep_orc_chapel, uniq_blork_the_orc
D:5:      lemuel_ice_spiral_2, layout_rooms
D:6:      layout_basic, serial_shops, nicolae_shop_trees, serial_bayou,
          serial_bayou_pond_e, serial_bayou_pond_a, serial_bayou_crossing,
          serial_bayou_shore_a
D:7:      layout_cave_pools, serial_shops, kennysheep_mini_moat, enter_bailey_4,
          nicolae_alphabet_shops
D:8:      minmay_bloctagon, layout_loops_corners, kennysheep_mini,
          minmay_misc_feat_four_crosses, uniq_pikel, uniq_psyche
D:9:      layout_roguey, erik_lair_orcish_takeover, special_room
          [special_room_orc]
D:10:     layout_basic, uniq_joseph
D:11:     layout_irregular_city, erik_orc_4, uniq_lodul, uniq_fannar
D:12:     layout_rooms, gammafunk_ghost_abyssal_escape,
          nicolae_qazlal_scattered_showers, uniq_nessos, uniq_rupert
D:13:     minmay_tile_spiral, layout_basic, erik_vaults_1, zin_purify
D:14:     layout_rooms, chequers_decorated_corner,
          ebering_ghost_reflecting_pool, portal_ice_cave_entry_horrid_things,
          nrook_guardian_serpent_ordinary
D:15:     grunt_enter_depths_giant_problem, layout_loops_ring, xom_redecorated
Temple:   nicolae_temple_bog_church
Lair:1:   layout_chaotic_city, grunt_forest_small_clearing_treed,
          grunt_megastairs_4
Lair:2:   layout_roguey, nicolae_spider_entry_orb_guardian, lemuel_fruit_fields,
          uniq_maggie, uniq_gastronok, uniq_amaemon
Lair:3:   layout_layer_cave, minmay_swamp_entry_reptiles
Lair:4:   layout_gridlike, uniq_josephine, uniq_snorg
Lair:5:   guppyfry_lair_end_dragon, layout_cave_pods,
          hangedman_lair_caniforms_friends, minmay_slime_entry_oklob_enclosed
Swamp:1:  layout_falls_marsh, nicolae_swamp_well_well_well, uniq_aizul
Swamp:2:  layout_falls_marsh, nicolae_swamp_some_circles, swamp_pool1,
          nicolae_swamp_snake_nest
Swamp:3:  layout_falls_marsh, evilmike_swamp_ruin_house_6
Swamp:4:  swamp_icy, layout_basic_swamp
Spider:1: layout_spider_delve, drop_trap, nicolae_spider_webs_and_nodes
Spider:2: layout_spider_delve
Spider:3: layout_spider_delve, nzn_ghost_randoct, nicolae_spider_cling_halls
Spider:4: grunt_spider_rune_parallel
Slime:1:  layout_caves
Slime:2:  layout_caves
Slime:3:  layout_caves
Slime:4:  layout_caves
Slime:5
Orc:1:    layout_caves, hellmonk_bongcloud_opening
Orc:2:    st_orc_rangers, layout_diamond_mine, serial_shops, bzr_entry_gold,
          shop, nicolae_shop_behind_doors, shop, basic_altar,
          okawaru_metal_pillars_1_2

Skill      XL: |  1  2  3  4  5  6  7  8  9 10 11 12 13 14 15 16 17 18 |
---------------+-------------------------------------------------------+-----
Fighting       | 4 5 6 7 8 10 12 15 18 20 22 | 22.1
Long Blades    | 4 6 |  6.2
Armour         | 3 4 5 6 7 8 9 12 16 17 18 19 20 | 20.0
Maces & Flails | 1 2 3 4 6 7 8 10 13 14 16 17 19 | 19.8
Dodging        | 3 4 5 6 7 8 10 | 10.0
Shields        | 1 3 5 11 15 16 17 18 20 | 20.0
Invocations    | 5 |  5.0
Evocations     | 5 |  5.0

Action                   |  1- 3 |  4- 6 |  7- 9 | 10-12 | 13-15 | 16-18 | 19-21 || total
-------------------------+-------+-------+-------+-------+-------+-------+-------++-------
Melee: Falchion          |    82 |       |       |       |       |       |       ||    82
       Headbutt          |    14 |     7 |    37 |   155 |   382 |   602 |    34 ||  1231
       Flail             |    10 |    51 |   232 |   522 |       |   309 |    83 ||  1207
       Punch             |       |     1 |       |       |       |       |       ||     1
       Mace              |       |       |       |    25 |  1329 |   890 |       ||  2244
       Morningstar       |       |       |       |       |       |   719 |       ||   719
       Bite              |       |       |       |       |       |    30 |    16 ||    46
Throw: Dart              |     2 |       |     1 |     3 |     7 |     2 |       ||    15
Invok: Berserk           |       |     2 |     7 |     9 |    10 |    11 |       ||    39
       Trog's Hand       |       |       |     1 |     1 |     3 |     7 |     2 ||    14
       Brothers in Arms  |       |       |       |       |     2 |       |     3 ||     5
Evoke: Wand              |       |       |       |       |       |     1 |       ||     1
  Use: Scroll            |       |       |     6 |    10 |    16 |    10 |     2 ||    44
       Potion            |       |       |     1 |       |       |     1 |     4 ||     6
 Stab: Sleeping          |       |     1 |     1 |       |       |       |       ||     2
       Confused          |       |       |       |       |     1 |     2 |       ||     3
       Distracted        |       |       |       |       |     2 |     2 |       ||     4
Armor: Animal skin       |    14 |       |       |       |       |       |       ||    14
       Leather armour    |    20 |    13 |    25 |       |       |       |       ||    58
       Ring mail         |       |       |    88 |       |       |       |       ||    88
       Plate armour      |       |       |    56 |       |       |       |       ||    56
       Crystal plate arm |       |       |       |   296 |       |       |       ||   296
       Gold dragon scale |       |       |       |    18 |   775 |  1058 |    67 ||  1918
Dodge: Dodged            |    64 |    27 |   261 |   160 |   356 |   560 |    29 ||  1457
Block: Tower shield      |       |       |   269 |   681 |  1627 |  2361 |   140 ||  5078
       Kite shield       |       |       |       |       |       |    14 |       ||    14
